 Dungeon Crawl Stone Soup version 0.26.0-10-g1f06aea511 (webtiles) character file.

Game seed: 5663330863041345878

60508 vatarom the Martial Artist (level 14, -5/124 HPs)
             Began as a Purple Draconian Transmuter on Feb 3, 2021.
             Was a High Priest of Cheibriados.
             Slain by a six-headed hydra (13 damage)
             ... summoned by a boggart
             ... on level 6 of the Lair of Beasts.
             The game lasted 00:45:45 (19154 turns).

vatarom the Martial Artist (DrTm)                  Turns: 19154, Time: 00:45:46

Health: -5/124     AC: 16    Str: 30    XL:     14   Next: 57%
Magic:  4/21       EV: 23    Int: 28    God:    Cheibriados [*****.]
Gold:   1117       SH:  0    Dex: 29    Spells: 3/22 levels left

rFire    . . .     SeeInvis +     - Unarmed
rCold    . . .     Faith    .   (shield currently unavailable)
rNeg     . . .     Spirit   .   (armour unavailable)
rPois    +         Reflect  .   u - +1 hat {SInv}
rElec    .         Harm     .   z - +0 cloak
rCorr    .         Rampage  .   (gloves currently unavailable)
Will     ++...                  h - +1 pair of boots
Stlth    ++........             e - amulet of regeneration
HPRegen  0.70/turn              o - ring of poison resistance
MPRegen  0.17/turn              p - +4 ring of protection

@: about to teleport, blade hands (expiring), very slow
A: breathe power, unfitting armour, mutation resistance 1, strong 1, wild magic
1, cold-blooded, AC +8
a: Breathe Dispelling Energy, End Transformation, Renounce Religion, Bend Time,
Temporal Distortion, Slouch, Step From Time


You were on level 6 of the Lair of Beasts.
You worshipped Cheibriados.
Cheibriados was extremely pleased with you.
You had blades for hands.
You visited 3 branches of the dungeon, and saw 18 of its levels.
You also visited: Volcano.

You collected 1117 gold pieces.

Inventory:

Missiles
 a - 19 poisoned darts
 D - 6 curare-tipped darts
Armour
 c - a +0 pair of gloves of dexterity (melded)
 h - a +1 pair of boots (worn)
 u - a +1 hat of see invisible (worn)
 z - a +0 cloak (worn)
 C - a +0 buckler (melded)
Jewellery
 e - an amulet of regeneration (around neck)
 f - an uncursed ring of protection from fire
 o - a ring of poison resistance (left scythe-like blade)
 p - a +4 ring of protection (right scythe-like blade)
 w - an uncursed ring of protection from cold
Wands
 q - a wand of polymorph (8)
 x - a wand of digging (4) {@v1}
 A - a wand of paralysis (6)
 B - a wand of acid (9) {@v2}
 E - a wand of flame (38)
 G - a wand of iceblast (11) {@v4}
Scrolls
 b - 6 scrolls of immolation
 d - a scroll of magic mapping
 g - 7 scrolls of teleportation {@r3}
 k - 4 scrolls of amnesia
 l - 11 scrolls of remove curse {@r2}
 n - 4 scrolls of identify {@r1}
 r - 5 scrolls of blinking {@r4}
 t - a scroll of enchant armour
 v - a scroll of fog
 y - 2 scrolls of enchant weapon
Potions
 i - 4 potions of curing {@q1}
 j - 2 potions of lignification
 s - 7 potions of ambrosia
 F - a potion of flight
 H - 3 potions of brilliance {@q6}
 I - 5 potions of might {@q4}


   Skills:
 + Level 11.3 Fighting
 * Level 7.0 Throwing
 + Level 9.8 Dodging
 - Level 0.7 Stealth
 - Level 4.0 Shields
 + Level 11.4 Unarmed Combat
 - Level 4.7 Spellcasting
 + Level 8.5 Hexes
 - Level 8.3 Transmutations
 - Level 6.7 Ice Magic
 + Level 10.4 Invocations


You had 3 spell levels left.
You knew the following spells:

 Your Spells              Type           Power        Failure   Level
a - Beastly Appendage     Tmut           100%         13%         1
b - Wereblood             Tmut           62%          16%         2
c - Spider Form           Tmut/Pois      19%          36%         3
d - Ice Form              Ice/Tmut       59%          34%         4
e - Blade Hands           Tmut           31%          45%         5
f - Confusing Touch       Hex            63%          19%         3
v - Animate Skeleton      Necr           16%          47%         1

Your spell library contained the following spells:

 Spells                   Type           Power        Failure   Level
 Corona                   Hex            70%          13%         1
 Ensorcelled Hibernation  Hex/Ice        100%         17%         2
 Tukima's Dance           Hex            63%          19%         3
 Passwall                 Tmut/Erth      32%          28%         2
 Dazzling Flash           Conj/Hex       78%          36%         3
 Summon Guardian Golem    Hex/Summ       39%          36%         3
 Pain                     Necr           32%          47%         1
 Sandblast                Erth           16%          47%         1
 Summon Small Mammal      Summ           32%          47%         1
 Call Imp                 Summ           8%           56%         2
 Poisonous Vapours        Pois/Air       16%          56%         2
 Call Canine Familiar     Summ           8%           71%         3
 Conjure Flame            Conj/Fire      8%           71%         3
 Mephitic Cloud           Conj/Pois/Air  8%           71%         3
 Stone Arrow              Conj/Erth      16%          71%         3
 Vampiric Draining        Necr           4%           71%         3
 Petrify                  Tmut/Erth      39%          58%         4
 Summon Ice Beast         Ice/Summ       32%          67%         4
 Animate Dead             Necr           4%           94%         4
 Summon Lightning Spire   Summ/Air       8%           94%         4
 Agony                    Necr           8%           99%         5
 Lee's Rapid Deconstruct  Erth           4%           99%         5
 Freezing Cloud           Conj/Ice/Air   12%          100%        6


Dungeon Overview and Level Annotations

Branches:
Dungeon (11/15)            Temple (1/1) D:4            Lair (6/6) D:11
 Shoals (0/4) Lair:4       Spider (0/4) Lair:3        Slime (0/5) Lair:6
Volcano (visited)
    Orc: D:9-12

Altars:
Ashenzari
Cheibriados
Dithmenos
Elyvilon
Fedhas
Gozag
Hepliaklqana
Kikubaaqudgha
Okawaru
Qazlal
Ru
Sif Muna
Trog
Uskayaw
Vehumet
Wu Jian
Xom
Yredelemnul
Zin
The Shining One
Jiyva

Shops:
D:7 }

Annotations:
D:4 3 runed translucent doors, Menkaure; MysterY8s's ghost, novice HaHu
D:11 exclusions: lava snake and 1 more exclusion
Lair:1 exclusion: oklob plant
Lair:4 2 runed translucent doors, Juirae's ghost, journeyman TrMo
Lair:6 1 runed translucent door


Innate Abilities, Weirdness & Mutations

You can breathe bolts of dispelling energy.
Your rich purple scales are hard. (AC +8)
You cannot fit into any form of body armour.
You are cold-blooded and may be slowed by cold attacks.
You are somewhat resistant to further mutation.
Your muscles are strong. (Str +2)
Your spells are a little harder to cast, but a little more powerful.


Message History

The six-headed hydra bites you!
* * * LOW HITPOINT WARNING * * *
Unknown command.
You can feel time thicken for a moment.
You kill the wolf!
Cheibriados thoroughly appreciates the change of pace.
You kill the hell rat!
The hell rat's corpse dissolves into shadows!
You kill the hell rat!
The hell rat's corpse dissolves into shadows!
You kill the hell rat!
The hell rat's corpse dissolves into shadows!
Cheibriados lowers the support of your attributes as your movement quickens.
The six-headed hydra bites you!
* * * LOW HITPOINT WARNING * * *
The six-headed hydra misses you. x2
The six-headed hydra closely misses you.
The six-headed hydra completely misses you.
The six-headed hydra bites you!
You die...

.................................
...........♣♣....................
........♣♣♣♣♣♣♣..................
.......♣♣ ♣♣♣*♣♣.................
.#P..♣♣♣♣♣♣.[.*♣♣♣..P##P**,,*,,,,
.#♣♣♣♣ ♣...††♣* *♣♣##******,*,,*
♣♣ **♣...†††♣♣ *,,,,* *
**,,,,*♣†gD♣♣♣♣ ****,*
****,,**,*♣.♣♣@).♣ ***
*,,,,*****♣**♣♣♣.♣♣ ***,,***
♣♣)♣♣ ,,,,** ♣))♣ ♣######## ,,***
*** ♣♣)♣ ♣...#.#.## ,**,* **.♣♣**
♣♣.)♣ ♣.........
,,,,*****,....♣♣♣♣...♣ ♣.........
,,,,,**,,,**♣......♣♣♣ *♣........
,,,,,,,,*** ♣♣♣♣..♣♣ ♣........


You could see a six-headed hydra (summoned) and a boggart.

Vanquished Creatures
  Gastronok (D:8)
  A stone giant (Volcano)
  7 hydras
  A two-headed ogre (D:9)
  18 death yaks
  Sonja (Lair:2)
  An obsidian statue (Volcano)
  A lindwurm (Lair:4)
  An orb spider (Lair:3)
  An ugly thing (D:11)
  An elephant (Lair:6)
  A merfolk siren (Lair:4)
  Joseph (D:6)
  Psyche (D:7)
  10 black mambas
  6 gargoyles
  11 cane toads
  8 komodo dragons
  3 rime drakes
  An efreet (Volcano)
  A troll (D:10)
  Prince Ribbit (D:7)
  A queen bee (D:9)
  5 polar bears
  3 hornets (Lair:6)
  17 blink frogs
  13 dream sheep (Lair:6)
  17 yaks
  2 wraiths (D:8)
  11 spriggans (Lair:6)
  9 wyverns
  A fire elemental (Volcano)
  7 fire bats (Volcano)
  5 basilisks
  A steam dragon (D:11)
  18 water moccasins
  4 orc warriors
  3 sky beasts
  5 black bears
  2 ice beasts
  2 necrophages
  A phantom (D:9)
  8 ogres
  3 boggarts (Lair:6)
  21 wolves
  4 centaurs
  Blork the orc (D:4)
  2 big kobolds
  11 bullfrogs
  6 scorpions
  33 killer bees
  A howler monkey (D:4)
  6 wights
  11 electric eels
  A bullfrog zombie (D:7)
  5 lava snakes (Volcano)
  A jelly (D:8)
  2 centaur zombies
  4 human zombies (D:8)
  8 orc priests
  A centaur skeleton (D:10)
  5 hounds
  15 orc wizards
  A bullfrog skeleton (D:8)
  4 iguanas
  Jessica (D:2)
  A human skeleton (D:8)
  Natasha (thrice) (D:2)
  6 hell rats (Lair:4)
  12 worker ants
  An ogre zombie (D:8)
  2 mummies (D:8)
  A howler monkey zombie (D:5)
  2 worker ant zombies
  3 gnolls (D:3)
  11 adders
  A shadow imp (D:7)
  2 ufetubi
  3 worms
  An adder skeleton (D:5)
  2 adder zombies
  9 leopard geckos
  56 orcs
  4 bats
  6 giant cockroaches
  6 goblins
  7 hobgoblins
  18 kobolds
  7 quokkas
  A ball python (D:3)
  4 frilled lizards
  3 jackal zombies
  8 rats
540 creatures vanquished.

Vanquished Creatures (collateral kills)
  A bullfrog (Lair:5)
1 creature vanquished.

Vanquished Creatures (others)
  19 fungi
  31 plants
50 creatures vanquished.

Grand Total: 591 creatures vanquished

Notes
Turn   | Place    | Note
-------+----------+-------------------------------------------
     0 | D:1      | vatarom the Draconian Transmuter began the quest for the
                  | Orb.
     0 | D:1      | Reached XP level 1. HP: 16/16 MP: 3/3
   146 | D:1      | Reached XP level 2. HP: 21/23 MP: 3/5
   694 | D:1      | Learned a level 2 spell: Wereblood
   756 | D:2      | Reached XP level 3. HP: 29/29 MP: 4/6
   855 | D:2      | Noticed Natasha
   866 | D:2      | Gained mutation: You are occasionally teleported next to
                  | monsters. [potion of mutation]
   866 | D:2      | Gained mutation: Your flesh is cold resistant. (rC+)
                  | [potion of mutation]
   871 | D:2      | Killed Natasha
   902 | D:2      | Reached XP level 4. HP: 24/36 MP: 7/7
   987 | D:2      | Noticed Natasha
   997 | D:2      | Killed Natasha
  1081 | D:2      | Learned a level 3 spell: Spider Form
  1124 | D:2      | Noticed Natasha
  1140 | D:2      | Killed Natasha
  1148 | D:2      | Noticed Jessica
  1153 | D:2      | Killed Jessica
  1154 | D:2      | Reached XP level 5. HP: 44/44 MP: 2/8
  1719 | D:3      | Reached skill level 5 in Unarmed Combat
  1983 | D:3      | Reached XP level 6. HP: 51/51 MP: 7/9
  2222 | D:3      | Found a stormy altar of Qazlal.
  2331 | D:4      | Noticed Menkaure
  2598 | D:4      | Noticed MysterY8s's ghost (novice HaHu)
  2784 | D:4      | Noticed Blork the orc
  2800 | D:4      | Killed Blork the orc
  2866 | D:4      | Found a runed translucent gate.
  2866 | D:4      | Found a runed translucent gate.
  2866 | D:4      | Found a runed translucent gate.
  2957 | D:4      | Your scales start taking on a rich purple colour.
  2957 | D:4      | Reached XP level 7. HP: 57/58 MP: 8/11
  3063 | D:4      | Learned a level 4 spell: Ice Form
  3278 | D:4      | Found a staircase to the Ecumenical Temple.
  3298 | Temple   | Entered the Ecumenical Temple
  3338 | Temple   | Became a worshipper of Cheibriados the Contemplative
  3549 | D:5      | Entered Level 5 of the Dungeon
  3630 | D:5      | Found a bloodstained altar of Trog.
  3679 | D:5      | Reached skill level 1 in Invocations
  3773 | D:5      | Learned a level 5 spell: Blade Hands
  3825 | D:5      | Lost mutation: Your flesh is cold resistant. (rC+) [potion
                  | of mutation]
  3825 | D:5      | Lost mutation: You are occasionally teleported next to
                  | monsters. [potion of mutation]
  3825 | D:5      | Gained mutation: You are dopey. (Int -2) [potion of
                  | mutation]
  3825 | D:5      | Gained mutation: You do not regenerate when monsters are
                  | visible. [potion of mutation]
  3825 | D:5      | Gained mutation: Your muscles are strong. (Str +2) [potion
                  | of mutation]
  3908 | D:5      | Reached XP level 8. HP: 65/67 MP: 13/15
  3965 | D:5      | Reached skill level 1 in Ice Magic
  4145 | D:5      | Found a hide-covered altar of Uskayaw.
  4244 | D:6      | Reached * piety under Cheibriados
  4277 | D:6      | Reached skill level 5 in Fighting
  4277 | D:6      | Reached skill level 5 in Transmutations
  4743 | D:7      | Noticed Joseph
  4802 | D:6      | Killed Joseph
  4880 | D:7      | Found Coserph's Gadget Emporium.
  4899 | D:7      | Reached XP level 9. HP: 73/75 MP: 12/16
  5296 | D:7      | Found a white marble altar of Elyvilon.
  5298 | D:7      | Noticed Prince Ribbit
  5302 | D:7      | Killed Prince Ribbit
  5521 | D:8      | Noticed Psyche
  5535 | D:7      | Reached ** piety under Cheibriados
  5577 | D:7      | Killed Psyche
  5672 | D:8      | Reached skill level 5 in Ice Magic
  6061 | D:8      | Noticed Gastronok
  6082 | D:8      | Killed Gastronok
  6083 | D:8      | Reached skill level 5 in Invocations
  6083 | D:8      | Reached XP level 10. HP: 66/84 MP: 9/17
  6306 | D:8      | Reached *** piety under Cheibriados
  6641 | D:8      | Found a basalt altar of Yredelemnul.
  7099 | D:9      | Reached **** piety under Cheibriados
  7285 | D:9      | Reached ***** piety under Cheibriados
  7926 | D:9      | Reached XP level 11. HP: 78/94 MP: 13/18
  8158 | D:9      | Learned a level 3 spell: Confusing Touch
  8279 | D:9      | Noticed a two-headed ogre
  8288 | D:9      | Killed a two-headed ogre
  8289 | D:9      | Reached skill level 1 in Hexes
  8484 | D:10     | Entered Level 10 of the Dungeon
  9047 | D:10     | Reached skill level 5 in Dodging
  9953 | D:11     | Found a staircase to the Lair.
 10393 | D:11     | Noticed a brown ugly thing
 10397 | D:11     | Killed a brown ugly thing
 10398 | D:11     | Reached skill level 1 in Shields
 11326 | Lair:1   | Entered Level 1 of the Lair of Beasts
 11463 | Lair:1   | Reached XP level 12. HP: 41/104 MP: 3/19
 12169 | Lair:1   | Noticed an eight-headed hydra
 12176 | Lair:1   | Killed an eight-headed hydra
 13309 | Lair:2   | Lost mutation: Your muscles are strong. (Str +2) [potion of
                  | mutation]
 13309 | Lair:2   | Lost mutation: You are dopey. (Int -2) [potion of mutation]
 13309 | Lair:2   | Lost mutation: You do not regenerate when monsters are
                  | visible. [potion of mutation]
 13309 | Lair:2   | Gained mutation: Your muscles are strong. (Str +2) [potion
                  | of mutation]
 13309 | Lair:2   | Gained mutation: Your spells are a little harder to cast,
                  | but a little more powerful. [potion of mutation]
 13309 | Lair:2   | Gained mutation: You are somewhat resistant to further
                  | mutation. [potion of mutation]
 13346 | Lair:2   | Reached skill level 5 in Hexes
 13676 | Lair:3   | Noticed a six-headed hydra
 13833 | Lair:3   | Killed a six-headed hydra
 14195 | Lair:3   | Noticed a five-headed hydra
 14200 | Lair:3   | Killed an eight-headed hydra
 14201 | Lair:3   | Reached skill level 10 in Unarmed Combat
 14439 | Lair:3   | Noticed a five-headed hydra
 14447 | Lair:3   | Killed an eight-headed hydra
 14579 | Lair:3   | Noticed Sonja
 14594 | Lair:2   | Killed Sonja
 14820 | Lair:3   | Found a hole to the Spider Nest.
 14941 | Lair:3   | Reached skill level 1 in Throwing
 14958 | Lair:3   | Reached skill level 10 in Fighting
 14958 | Lair:3   | Reached XP level 13. HP: 90/113 MP: 20/20
 16066 | Lair:4   | Found a staircase to the Shoals.
 16324 | Lair:4   | Identified a scroll of acquirement
 16324 | Lair:4   | Acquired a +0 pair of gloves of dexterity
 16351 | Lair:4   | Found a large runed translucent door.
 16351 | Lair:4   | Found a large runed translucent door.
 16356 | Lair:4   | Noticed Juirae's ghost (journeyman TrMo)
 16908 | Lair:5   | Reached skill level 5 in Throwing
 17450 | Lair:5   | Learned a level 1 spell: Animate Skeleton
 17818 | Lair:5   | Reached XP level 14. HP: 122/122 MP: 15/21
 18133 | Lair:6   | Entered Level 6 of the Lair of Beasts
 18166 | Lair:6   | Reached skill level 10 in Invocations
 18179 | Lair:6   | Found a dark tunnel.
 18186 | Volcano  | Entered a volcano
 18412 | Volcano  | Noticed a stone giant
 18413 | Volcano  | Found a bloodstained altar of Trog.
 18427 | Volcano  | Killed a stone giant
 18754 | Lair:6   | Found a runed translucent door.
 18754 | Lair:6   | Found a viscous altar of Jiyva.
 18754 | Lair:6   | Found a staircase to the Slime Pits.
 18754 | Lair:6   | Noticed an azure jelly
 19005 | Lair:6   | Reached ****** piety under Cheibriados
 19154 | Lair:6   | Slain by a six-headed hydra

Illustrated notes

Levels and vault maps discovered:
D:1:      lightli_arrival_isolated_outpost, layout_loops_ring,
          chequers_serial_rivers_micro_c
D:2:      layout_loops_ring, uniq_natasha, uniq_jessica
D:3:      layout_basic, nicolae_qazlal_eye_of_the_storm
D:4:      layout_rooms, minmay_temple_entry_large_hall, gammafunk_ghost_icy,
          uniq_blork_the_orc, uniq_menkaure
D:5:      layout_rooms, basic_altar, bloody_trog
D:6:      layout_rooms
D:7:      layout_cave_pools, kennysheep_mini, serial_shops, shop,
          uniq_prince_ribbit1, uniq_joseph
D:8:      layout_basic, minmay_door_square, lemuel_mausoleum_altar_yredelemnul,
          uniq_gastronok, uniq_psyche
D:9:      layout_roguey [special_room_bee]
D:10:     layout_loops_cross, kennysheep_boxes
D:11:     layout_layer_cave, minmay_lair_entry_grove, nicolae_lava_and_water
Temple:   dpeg_three_leaves_temple
Lair:1:   layout_regular_city, serial_bayou, serial_bayou_crossing,
          serial_bayou_pond_a, serial_bayou_lake_a, serial_bayou_ford_a,
          serial_bayou_pond_c, serial_bayou_pond_a, minmay_lair_oklob_chamber,
          serial_bayou_shore_b
Lair:2:   layout_cave_pods, serial_bayou_shore_a, grunt_megastairs_2,
          lemuel_fruit_tree
Lair:3:   layout_layer_cave, nicolae_spider_entry_orb_guardian,
          gauntlet_entry_generic, uniq_sonja
Lair:4:   layout_roguey, minmay_shoals_entry_lonely_mermaid,
          ebering_ghost_disaster_area, chequers_serial_rivers_micro_e,
          infiniplex_staircase_pool, grunt_megastairs_4
Lair:5:   layout_gridlike, beast_lair_carwin_7, grunt_megastairs_1,
          lemuel_fruit_fields
Lair:6:   minmay_lair_end_enchanted_forest, layout_big_grid, slime_altar_2,
          enter_volcano_2, st_stairs_4, serial_bayou_shore_b

Skill      XL: |  1  2  3  4  5  6  7  8  9 10 11 12 13 14 |
---------------+-------------------------------------------+-----
Fighting       | 2 3 4 5 6 7 9 10 11 | 11.3
Unarmed Combat | 4 5 6 7 8 9 10 11 | 11.4
Transmutations | 3 4 6 8 |  8.3
Spellcasting   | 3 4 |  4.7
Invocations    | 1 3 5 6 7 8 9 10 | 10.4
Ice Magic      | 3 6 |  6.7
Dodging        | 4 6 8 9 |  9.8
Hexes          | 4 6 7 8 |  8.5
Shields        | 1 4 |  4.0
Throwing       | 1 5 7 |  7.0
Stealth        | |  0.7

Action                   |  1- 3 |  4- 6 |  7- 9 | 10-12 | 13-15 || total
-------------------------+-------+-------+-------+-------+-------++-------
Melee: Unarmed           |    77 |   181 |   270 |   486 |   302 ||  1316
       Tailslap          |    11 |    22 |    25 |    82 |    71 ||   211
       Headbutt          |    10 |    19 |    27 |     2 |       ||    58
       Kick              |    10 |    23 |    39 |     6 |       ||    78
       Punch             |       |     1 |     4 |    22 |    30 ||    57
Throw: Dart              |       |     8 |     9 |     1 |       ||    18
 Cast: Beastly Appendage |    21 |    27 |    37 |     3 |       ||    88
       Spider Form       |       |     5 |    13 |     1 |       ||    19
       Ice Form          |       |       |     2 |    14 |       ||    16
       Blade Hands       |       |       |       |    61 |    37 ||    98
       Confusing Touch   |       |       |       |     4 |       ||     4
       Animate Skeleton  |       |       |       |       |     5 ||     5
Invok: Bend Time         |       |       |     5 |       |       ||     5
       Temporal Distorti |       |       |       |     1 |       ||     1
       Slouch            |       |       |       |     6 |     9 ||    15
       Step From Time    |       |       |       |     1 |       ||     1
 Abil: Breathe Dispellin |       |       |     6 |     5 |     1 ||    12
       End Transformatio |       |       |       |     1 |       ||     1
Evoke: Wand              |       |       |       |     5 |       ||     5
  Use: Potion            |     2 |       |     9 |     4 |     2 ||    17
       Scroll            |       |     8 |     7 |     1 |     6 ||    22
 Stab: Sleeping          |     1 |     1 |     1 |     4 |     1 ||     8
       Confused          |       |       |       |     1 |       ||     1
Armor: Skin              |    14 |    60 |   109 |   157 |    77 ||   417
Dodge: Dodged            |    52 |   112 |   225 |   431 |   312 ||  1132
Block: Buckler           |       |       |       |       |    12 ||    12
